 Dungeon Crawl Stone Soup version 0.27-a0-1065-ge809cff456 (console) character file.

Game seed: 13744200369375552540

1 nht the Digger (level 1, 0/13 HPs)
             Began as a Demonspawn Earth Elementalist on Apr 23, 2021.
             Slain by a kobold
             ... wielding a +0 dagger
              (3 damage)
             ... on level 1 of the Dungeon.
             The game lasted 00:00:18 (69 turns).

nht the Digger (Demonspawn Earth Elementalist)        Turns: 69, Time: 00:00:19

Health: 0/13       AC:  2    Str:  8    XL:     1   Next: 16%
Magic:  1/3        EV: 12    Int: 16    God:
Gold:   0          SH:  0    Dex: 13    Spells: 3/4 levels left

rFire    . . .     SeeInvis .   (no weapon)
rCold    . . .     Faith    .   (no shield)
rNeg     . . .     Spirit   .   c - +0 robe
rPois    .         Reflect  .   (no helmet)
rElec    .         Harm     .   (no cloak)
rCorr    .         Rampage  .   (no gloves)
Will     .....                  (no boots)
Stlth    ++........             (no amulet)
HPRegen  0.04/turn              (no ring)
MPRegen  0.08/turn              (no ring)

@: no status effects
A: no striking features
a: no special abilities


You were on level 1 of the Dungeon.
You visited 1 branch of the dungeon, and saw 1 of its levels.

Inventory:

Missiles
 b - 32 stones
Armour
 c - a +0 robe (worn)
Scrolls
 a - a scroll of identify {unknown}


   Skills:
 - Level 1.7 Dodging
 - Level 1.7 Stealth
 - Level 2.0 Spellcasting
 - Level 0.8 Transmutations
 + Level 2.8 Earth Magic


You had 3 spell levels left.
You knew the following spells:

 Your Spells              Type           Power      Damage    Failure   Level
a - Sandblast             Erth           20%        2d7       7%          1

Your spell library contained the following spells:

 Spells                   Type           Power      Damage    Failure   Level
 Passwall                 Tmut/Erth      5%         N/A       16%         2
 Stone Arrow              Conj/Erth      12%        3d7       34%         3
 Petrify                  Tmut/Erth      7%         N/A       69%         4
 Lee's Rapid Deconstruct  Erth           5%         3d7*      88%         5


Dungeon Overview and Level Annotations

Branches:
Dungeon (1/15)

Altars:


Message History

The bosom of this dungeon contains the legendary artefact, the Orb of Zot.
Press ? for a list of commands and other information.
Found a scroll labelled OVIM RUHOSM.
Found an escape hatch in the floor.
Found a staircase leading out of the dungeon.
There is a dry fountain here.
a - a scroll labelled OVIM RUHOSM
b - 37 stones (gained 7)
There is a fountain of clear blue water here.
As you open the door, it creaks loudly!
There is an open door here.
Found a helmet.
A giant cockroach comes into view.
A kobold comes into view. It is wielding a +0 dagger.
The kobold shouts!
The blast of sand hits the giant cockroach.
The giant cockroach is moderately wounded.
A rat comes into view.
The blast of sand misses the giant cockroach.
The blast of sand hits the giant cockroach.
You kill the giant cockroach!
A goblin comes into view. It is wielding a +0 dagger.
The goblin shouts!
You hear a shout!
A goblin comes into view. It is wielding a +0 club.
A hobgoblin comes into view.
A bat comes into view.
The bat moves out of view.
The goblin shouts!
The hobgoblin shouts!
The blast of sand misses the goblin.
The goblin hits you with a +0 dagger. The kobold hits you but does no damage.
Found 11 gold pieces.
A kobold comes into view. It is wielding a +0 dagger.
The goblin barely misses you.
The kobold shouts!
An endoplasm comes into view.
The kobold hits you with a +0 dagger.
A kobold comes into view. It is wielding a +0 dagger.
The blast of sand hits the kobold but does no damage.
The kobold hits you with a +0 dagger.
* * * LOW HITPOINT WARNING * * *
The kobold hits you with a +0 dagger.
You die...

............█.....
█+█...███.......█..
█.█...█..$....███..
█.█...█............
█.....J............
█...g..............
███....K.g█.....r.█..
█...gK█████.......█..
█...@.█ █..........
█....K....█..........
█.......█+█..........
███..................
...................
....................
............ ....█..
............ █████.
█..


You could see an endoplasm, 2 goblins and 3 kobolds.

Vanquished Creatures
  A giant cockroach (D:1)
1 creature vanquished.

Notes
Turn   | Place    | Note
-------+----------+-------------------------------------------
     0 | D:1      | nht the Demonspawn Earth Elementalist began the quest for
                  | the Orb.
     0 | D:1      | Reached XP level 1. HP: 13/13 MP: 3/3
    69 | D:1      | Slain by a kobold

Illustrated notes

Levels and vault maps discovered:
D:1:      dpeg_arrival_lava_temple_mockup, layout_basic, serial_shops,
          nicolae_shop_crystal

Action                   || total
-------------------------++-------
 Cast: Sandblast         ||     5
Armor: Robe              ||     1
Dodge: Dodged            ||     1

Table legend: (Time is in decaauts)
 A = Elapsed time spent in this place.
 B = Non-inter-level travel time spent in this place.
 C = Inter-level travel time spent in this place.
 D = Time resting spent in this place.
 E = Time spent auto-exploring this place.
 F = Levels seen in this place.
 G = Mean time per level.
                   A        B        C        D        E       F      G
               +--------+--------+--------+--------+--------+-----+--------+
         Total |     69 |     69 |      0 |      0 |     27 |   1 |   69.0 |
       Dungeon |     69 |     69 |      0 |      0 |     27 |   1 |   69.0 |
               +--------+--------+--------+--------+--------+-----+--------+

Top non-repeatable levels by time:
     D:1: 69 daAuts
